cohdb
Replays
Latest Replays
All Replays
Popular Replays
Top Player Replays
Match Explorer
How It Works
Community
CoH3 Stats
Reddit
Sign in to upload your games and track your stats! →
Sign in with Steam
Match 45331246
Unlisted
Match 45331246
Overview
Messages
Build Orders
End
Construct Infanterie Kompanie
Pioneer Squad
Selects Breakthrough Battlegroup
Grenadier Squad
Grenadier Squad
MG 42 Machine Gun Team
Infanterie Officer Quarters
Grenadier Squad
Selects Assault Grenadiers
Selects Breakthrough
GrW 34 Mortar Team
Construct Panzergrenadier Kompanie
Panzergrenadier Squad
Medical Station
Pak 40 Anti-tank Gun Team
Selects Rapid Production
Construct Panzer Kompanie
Panzer IV Medium Tank
Selects Blitzkrieg
MG 42 Bunker
Side Skirts
Sturmpanzer IV Brummbär
Selects Incendiary Bombing Run
pagep
7k this year for sure
Olg
rocketpossum
0
0
Comments
sign in to comment!
No comments posted yet!